 Dungeon Crawl Stone Soup version 0.28-a0-909-g796cbd3a86 (webtiles) character file.

Game seed: 11742412798074592934

296 croobank the Insei (level 6, -6/39 HPs)
             Began as an Octopode Transmuter on Nov 24, 2021.
             Was a Follower of Zin.
             Mangled by Duvessa (9 damage)
             ... on level 4 of the Dungeon.
             The game lasted 00:19:48 (2414 turns).

croobank the Insei (Octopode Transmuter)            Turns: 2414, Time: 00:19:49

Health: -6/39      AC:  8    Str: 11    XL:     6   Next: 35%
Magic:  10/10      EV: 13    Int: 16    God:    Zin [*.....]
Gold:   143        SH:  0    Dex: 12    Spells: 6/10 levels left

rFire   . . .      SeeInvis +   c - +2 mace (protect)
rCold   + . .      Faith    .   (no shield)
rNeg    + . .      Spirit   .   (helmet restricted)
rPois   .          Reflect  .   (no amulet)
rElec   .          Harm     .   g - ring of positive energy
rCorr   .          Rampage  .   j - ring of see invisible
Will    .....                   (no ring)
Stlth   +++.......              (no ring)
HPRegen 0.13/turn               (no ring)
MPRegen 0.12/turn               (no ring)
                                (no ring)
                                (no ring)

@: under a protective aura
A: almost no armour, amphibious, 8 rings, camouflage 1, gelatinous body 1,
(nimble swimmer 1), tentacles, cold resistance 1
a: Renounce Religion, Recite, Donate Gold


You were on level 4 of the Dungeon.
You worshipped Zin.
Zin was aware of your devotion.
You visited 1 branch of the dungeon, and saw 4 of its levels.

You collected 248 gold pieces.
You spent 90 gold pieces at shops.
You donated 15 gold pieces to Zin.

Inventory:

Hand Weapons
 c - a +2 mace of protection (weapon)
 h - a +0 spear
 l - a +0 flail of protection
 o - a +2 dagger of speed
Missiles
 a - 2 javelins (quivered)
 e - 122 stones
 i - 31 poisoned darts
 m - 5 curare-tipped darts
Jewellery
 g - a ring of positive energy (left tentacle)
 j - a ring of see invisible (right tentacle)
Scrolls
 k - a scroll of torment {unknown}
 n - 2 scrolls of fear
 p - a scroll of identify
Potions
 d - a potion of ambrosia
 f - a potion of degeneration


   Skills:
 + Level 1.7 Fighting
 + Level 3.1 Maces & Flails
 + Level 0.2 Throwing
 + Level 2.7 Dodging
 + Level 2.4 Stealth
 + Level 3.3 Unarmed Combat
 + Level 2.9 Spellcasting
 + Level 3.2 Transmutations


You had 6 spell levels left.
You knew the following spells:

 Your Spells              Type           Power      Damage    Failure   Level
a - Beastly Appendage     Tmut           24%        N/A       4%          1
b - Wereblood             Tmut           12%        N/A       8%          2
c - Summon Small Mammal   Summ           8%         N/A       19%         1

Your spell library contained the following spells:

 Spells                   Type           Power      Damage    Failure   Level
 Spider Form              Tmut/Pois      7%         N/A       28%         3
 Call Canine Familiar     Summ           2%         N/A       50%         3
 Summon Guardian Golem    Hex/Summ       2%         N/A       50%         3
 Ice Form                 Ice/Tmut       7%         N/A       67%         4


Dungeon Overview and Level Annotations

Branches:
Dungeon (4/15)
 Temple: D:4-7

Altars:
Zin

Annotations:
D:3 Ijyb
D:4 Duvessa


Innate Abilities, Weirdness & Mutations

You cannot wear most types of armour.
You are amphibious.
You can wear up to eight rings at the same time.
Your skin changes colour to match your surroundings (Stealth+).
Your rubbery body absorbs attacks. (AC +1, EV +1)
((You are camouflaged near water. (Stealth+)))
You have tentacles for arms and can constrict up to eight enemies at once.
Your flesh is cold resistant. (rC+)


Message History

You throw a javelin. The javelin misses Dowan.
Duvessa, Sister of Dowan comes into view.
She is wielding a +0 short sword.
Throw: 3 javelins
Press: ? - help, Q - select action, (/) - cycle Shift-Dir - straight line, f/p - Dowan
Aim: Dowan, wielding a +0 dagger of venom and wearing a +0 robe (moderately wounded, 43% to hit)
You throw a javelin. The javelin closely misses Dowan.
Duvessa shouts!
Dowan closely misses you.
You closely miss Dowan. You grab Dowan.
Dowan is moderately wounded.
You constrict Dowan, but do no damage. Dowan casts a spell at you.
The puff of frost hits you. You resist.
You hit Dowan.
Your weapon exudes an aura of protection.
Dowan is moderately wounded.
You constrict Dowan. Dowan hits you but does no damage.
You thump Dowan! You squeeze Dowan.
Dowan is almost dead.
You constrict Dowan.
You kill Dowan!
Duvessa screams in rage.
Duvessa goes berserk!
A hound comes into view.
Duvessa hits you with a +0 short sword!
The hound barks!
You hit Duvessa. Your grab misses Duvessa. Your squeeze misses Duvessa.
Duvessa is lightly wounded.
Duvessa closely misses you. Duvessa hits you with a +0 short sword.
You feel better. Duvessa hits you but does no damage.
You hit Duvessa but do no damage. You grab Duvessa.
Your squeeze misses Duvessa.
Duvessa is lightly wounded.
You constrict Duvessa.
Duvessa hits you with a +0 short sword. x2
You hit Duvessa but do no damage.
Duvessa is lightly wounded.
You constrict Duvessa. Duvessa hits you with a +0 short sword!
* * * LOW HITPOINT WARNING * * *
Duvessa hits you with a +0 short sword!
You die...

#...## #.>..## ##
#.....## ((.
##).....# ....
##.....<.## #...
##....)....# #..#
##...###....###..#
##...###..#....eh#
##...####...#..@###
#...####..#####.#
#...###..## ###
#...#..###
##.###..# .##.#####
#...#...# #.....#
.....###


You could see Duvessa (berserk) and a hound.

Vanquished Creatures
  Dowan (D:4)
  A jelly (D:4)
  Terence (D:2)
  3 adders
  A dart slug (D:1)
  5 ball pythons
  6 bats
  An endoplasm (D:2)
  2 giant cockroaches
  7 goblins
  5 hobgoblins
  4 jackals (D:2)
  A quokka (D:2)
  6 kobolds
  5 rats
49 creatures vanquished.

Vanquished Creatures (others)
  Menkaure (D:4)
1 creature vanquished.

Grand Total: 50 creatures vanquished

Notes
Turn   | Place    | Note
-------+----------+-------------------------------------------
     0 | D:1      | croobank the Octopode Transmuter began the quest for the
                  | Orb.
     0 | D:1      | Reached XP level 1. HP: 13/13 MP: 3/3
   463 | D:1      | Found a faded altar of an unknown god.
   530 | D:1      | Reached XP level 2. HP: 15/18 MP: 3/5
  1216 | D:2      | Reached XP level 3. HP: 20/23 MP: 6/6
  1273 | D:2      | Reached skill level 1 in Maces & Flails
  1477 | D:2      | Noticed Terence
  1484 | D:2      | Learned a level 2 spell: Wereblood
  1487 | D:2      | Killed Terence
  1488 | D:2      | Reached skill level 1 in Stealth
  1488 | D:2      | Reached XP level 4. HP: 20/28 MP: 7/7
  1810 | D:3      | Noticed Ijyb
  2032 | D:3      | Learned a level 1 spell: Summon Small Mammal
  2083 | D:3      | Gained mutation: Your flesh is cold resistant. (rC+)
                  | [potion of mutation]
  2083 | D:3      | Gained mutation: You are weak. (Str -2) [potion of
                  | mutation]
  2083 | D:3      | Lost mutation: You are weak. (Str -2) [potion of mutation]
  2146 | D:4      | Noticed Menkaure
  2151 | D:4      | Killed Menkaure
  2152 | D:4      | Reached XP level 5. HP: 20/33 MP: 4/9
  2158 | D:4      | Found Zin's Purification Station.
  2159 | D:4      | Found a glowing silver altar of Zin.
  2164 | D:4      | Bought a potion of curing for 90 gold pieces
  2167 | D:4      | Became a worshipper of Zin the Law-Giver
  2269 | D:4      | Reached XP level 6. HP: 39/39 MP: 10/10
  2294 | D:4      | Reached * piety under Zin
  2404 | D:4      | Noticed Dowan
  2406 | D:4      | Noticed Duvessa
  2410 | D:4      | Killed Dowan
  2414 | D:4      | Mangled by Duvessa

Illustrated notes

Levels and vault maps discovered:
D:1:      dpeg_arrival_tiny_d, layout_loops_ring,
          shapermc_ecumenical_altar_notcrosses, dk_noncrumbling_2
D:2:      layout_rooms, uniq_terence
D:3:      layout_basic, lemuel_tele_altar, kennysheep_generic_room_8, uniq_ijyb
D:4:      layout_layer_cave, zin_purify, uniq_duvessa, uniq_blork_the_orc,
          uniq_menkaure

Skill      XL: |  1  2  3  4  5 |
---------------+----------------+-----
Maces & Flails | 1 2 3 |  3.1
Stealth        | 1 2 |  2.4
Transmutations | 3 |  3.2
Fighting       | |  1.7
Throwing       | |  0.2
Dodging        | |  2.7
Unarmed Combat | |  3.3
Spellcasting   | |  2.9

Action                   |  1- 3 |  4- 6 || total
-------------------------+-------+-------++-------
Melee: Mace              |    42 |    41 ||    83
       Constrict         |    14 |    16 ||    30
       Unarmed           |     2 |       ||     2
       Kick              |     8 |     1 ||     9
       Tentacles         |     6 |     8 ||    14
       Punch             |     1 |       ||     1
Throw: Javelin           |       |     5 ||     5
       Dart              |       |     4 ||     4
 Cast: Beastly Appendage |    16 |     9 ||    25
       Wereblood         |       |     1 ||     1
  Use: Scroll            |       |     4 ||     4
       Potion            |       |     2 ||     2
 Stab: Sleeping          |     4 |     1 ||     5
Armor: Skin              |     7 |     5 ||    12
Dodge: Dodged            |    39 |    25 ||    64

Table legend: (Time is in decaauts)
 A = Elapsed time spent in this place.
 B = Non-inter-level travel time spent in this place.
 C = Inter-level travel time spent in this place.
 D = Time resting spent in this place.
 E = Time spent auto-exploring this place.
 F = Levels seen in this place.
 G = Mean time per level.
                   A        B        C        D        E       F      G
               +--------+--------+--------+--------+--------+-----+--------+
         Total |   2441 |   2402 |     39 |    126 |   1610 |   4 |  610.2 |
       Dungeon |   2441 |   2402 |     39 |    126 |   1610 |   4 |  610.2 |
               +--------+--------+--------+--------+--------+-----+--------+

Top non-repeatable levels by time:
     D:1: 1039 daAuts
     D:2: 763 daAuts
     D:3: 365 daAuts
     D:4: 274 daAuts
